Unix NetHack Version 5.0.0-0 post-release - last build May 31 2026 23:59:36 (970b52f25bf058293b47ddfd14a1e40e571c508c,branch:main).

Game began 2026-06-09 17:07:32, ended 2026-06-09 19:37:21.

Anarchos, lawful female dwarven Valkyrie

                         ----                   ---                     ---
                     --- |..|                  --.--                  ---.----
      ---          ---.---..|       ---        |...|           -----  |......--
     --.---       --.......--    ----..-       |-..--    ---- --...|  |.......|
     |....|     ---........-------......--------....------..|--...-|  |......--
     |....|     |...........................................-|.....-- --....-|
     --.|.------|.........................`----....-------...|......|---.....--
      |.|......@|--........----...........-      ...--   ---%|-.|..-||.......<|
     --.|.-----V||....--..--  |......---...|  .......|     |.----^..--.......--
     |..|.|  --.-|.----|.--   |......|  ...---.......|     |...|.............--
   ---..|.| --...|.|   |.|-------....-- .............--    ---..-....-----....|
   |....|.||.......|   |.|-..-  |............----.....--     --.......|  |...--
   |......|-.....---   |.|...`- -........-      ----....-----  --....--  --..|
   --.|.--|......|     |.|--...|........-|   ----- |-.......--  |....|    ----
    ---.| --...---     |.| --............-- --...--|.........--- ..---
     |..| --...--      |.|  ---...........| |.....--...........-----
     |..| |.....|      |.--   |..........-- |..|........---.....| ---
     ---- --....|      |..|   ---......---  -----......-- --....---.|
           ---.--      |..|     ---..---        ----...|   --.......|
             ---       ----       ----             --..|    |..|.----
                                                    ---     ------
Anarchos the Skirmisher     St:18/03 Dx:12 Co:18 In:7 Wi:9 Ch:8  Lawful
Dlvl:6  $:147 HP:0(57) Pw:3(3) AC:-1 Xp:5 T:2406  Burdened

Latest messages:
 You hit the vampire lord!
 The vampire lord hits!
 The vampire lord bites!
 You miss the vampire lord.
 The vampire lord just misses!
 The vampire lord bites!
 You avoid harm.
 You hit the vampire lord!
 The vampire lord hits!
 The vampire lord bites!
 The vampire lord hits!
 The vampire lord bites!
 You miss the vampire lord.
 The giant rat misses!
 The vampire lord hits!
 The vampire lord bites!
 Are you sure you want to pray? [yn] (n) y
 You begin praying to Tyr.
 You are surrounded by a shimmering light.
 The giant rat starts to attack you, but pulls back.
 The vampire lord starts to attack you, but pulls back.
 The vampire lord starts to attack you, but pulls back.
 The giant rat starts to attack you, but pulls back.
 The vampire lord starts to attack you, but pulls back.
 The vampire lord starts to attack you, but pulls back.
 You finish your prayer.
 You feel that Tyr is well-pleased.
 You feel much better.
 The giant rat misses!
 The giant rat misses!
 The giant rat bites!
 You kill the giant rat!
 The vampire lord hits!
 The vampire lord bites!
 The vampire lord hits!
 The vampire lord bites!
 The vampire lord hits!
 The vampire lord bites!
 You miss the vampire lord.
 The vampire lord hits!
 The vampire lord bites!
 The vampire lord hits!
 The vampire lord bites!
 You climb up the stairs.
 The vampire lord hits!
 The vampire lord bites!
 You die...
 Do you want your possessions identified? [ynq] (y) y
 Do you want to see your attributes? [ynq] (y) y
 Do you want an account of creatures vanquished? [ynaq] (y) q

Inventory:
 Coins    ('$')
  $ - 147 gold pieces
 Weapons  (')')
  a - a +1 dwarvish spear (weapon in right hand)
  V - a +0 dwarvish short sword
  o - a +0 long sword
 Armor    ('[')
  m - an uncursed +0 orcish helm (being worn)
  c - an uncursed +3 small shield (being worn)
  b - a blessed +1 elven mithril-coat (being worn)
 Comestibles  ('%')
  w - 2 uncursed slime molds
  p - an uncursed cream pie
  T - 3 uncursed food rations
  F - an uncursed lembas wafer
  W - an uncursed gecko corpse
  i - 2 uncursed lichen corpses
  X - an uncursed violet fungus corpse
 Scrolls  ('?')
  g - 2 uncursed scrolls of enchant weapon
  k - 2 blessed scrolls of light
  j - an uncursed scroll of remove curse
  t - an uncursed scroll of scare monster
  f - an uncursed scroll of teleportation
 Spellbooks  ('+')
  B - an uncursed spellbook of detect monsters
  U - an uncursed spellbook of detect treasure
  z - an uncursed spellbook of drain life
 Potions  ('!')
  C - a blessed potion of healing
  h - 3 uncursed potions of healing
  q - a blessed potion of object detection
 Rings    ('=')
  D - an uncursed ring of warning
 Wands    ('/')
  x - a wand of nothing (0:8)
 Tools    ('(')
  S - a +0 pick-axe
  J - an uncursed skeleton key
  H - an uncursed tin whistle
 Gems/Stones  ('*')
  P - 2 uncursed worthless pieces of black glass
  u - an uncursed worthless piece of blue glass
  v - an uncursed worthless piece of orange glass
  K - an uncursed worthless piece of red glass
  R - an uncursed worthless piece of white glass
  N - an uncursed worthless piece of yellowish brown glass
  I - 9 uncursed rocks

Anarchos the Valkyrie's attributes:

Background:
 You were a Skirmisher, a level 5 dwarven Valkyrie.
 You were lawful, on a mission for Tyr
 who was opposed by Odin (neutral) and Loki (chaotic).
 You were right-handed.
 You were in the Gnomish Mines, on level 6.
 You entered the dungeon 2406 turns ago.
 You had 210 experience points, 110 more were needed to attain level 6.

Basics:
 You had 0 out of 57 hit points.
 You had all 3 energy points (spell power).
 Your armor class was -1.
 Your wallet contained 147 zorkmids.
 Autopickup was on for all types.

Final Characteristics:
 Your strength was 18/03 (limit:18/100).
 Your dexterity was 12 (limit:20).
 Your constitution was 18 (limit:20).
 Your intelligence was 7 (limit:16).
 Your wisdom was 9 (limit:16).
 Your charisma was 8 (limit:16).

Final Status:
 You weren't hungry.
 You were burdened; movement was slightly slowed.
 You were wielding a spear.
 You had basic skill with spear.

Final Attributes:
 You were piously aligned.
 You were cold resistant.
 You had infravision.
 You were stealthy.
 You were guarded.
 Your spell casting was impaired by metallic armor.
 You are dead.

Miscellaneous:
 You encountered 1 bones level.
 Total elapsed playing time was 2 hours, 7 minutes and 34 seconds.

Major events:
 Turn
    1: Anarchos the lawful dwarven Valkyrie entered the dungeon
  529: attained the rank of Skirmisher (level 3)
 1455: entered the Gnomish Mines
 2314: reached Mine Town
 2406: killed by a vampire lord

Spells:
 Name                 Level Category     Fail Retention
 drain life             2   attack       100%  76%-100%

Skills:
 Fighting Skills
   bare handed combat [Unskilled]
   two weapon combat  [Unskilled]
   riding             [Unskilled]
 Weapon Skills
   dagger             [Basic]
   axe                [Unskilled]
   pick-axe           [Unskilled]
   short sword        [Unskilled]
   broadsword         [Unskilled]
   long sword         [Unskilled]
   two-handed sword   [Unskilled]
   saber              [Unskilled]
   hammer             [Unskilled]
   quarterstaff       [Unskilled]
   polearms           [Unskilled]
   spear              [Basic]
   trident            [Unskilled]
   lance              [Unskilled]
   sling              [Unskilled]
 Spellcasting Skills
   attack spells      [Unskilled]
   escape spells      [Unskilled]

Voluntary challenges:
 Character rerolling was not enabled.
 You never genocided any monsters.
 You never polymorphed an object.
 You never changed form.
 You used no wishes.
Achievements:
 You entered a shop.
 You attained the rank of Skirmisher.
 You entered the Gnomish Mines.
 You entered Minetown.

 The Dungeons of Doom: levels 1 to 4
    Level 1:
       A fountain.
    Level 2:
       A general store, a fountain.
    Level 3:
    Level 4:
       Stairs down to The Gnomish Mines.
 The Gnomish Mines: levels 5 to 7
    Level 5:
    Level 6: <- You were here.
       Final resting place for
          you, killed by a vampire lord.
    Level 7:
       A fountain.
       Final resting place for
          h2g2-Ran-Elf-Fem-Cha, killed by a vampire lord.


Vanquished creatures:
  2 small mimics
  a violet fungus
  a floating eye
  5 rothes
  a giant bat
 an orc zombie
 an iguana
  a hobbit
  4 manes
  3 giant rats
  3 yellow molds
  a red mold
  a gnome
  2 geckos
  2 foxes
  a kobold
  a goblin
  a sewer rat
  a grid bug
  2 lichens
  a kobold zombie
  4 newts
40 creatures vanquished.

No species were genocided or became extinct.

Game over:
                       ----------
                      /          \
                     /    REST    \
                    /      IN      \
                   /     PEACE      \
                  /                  \
                  |     Anarchos     |
                  |      147 Au      |
                  |   killed by a    |
                  |   vampire lord   |
                  |                  |
                  |                  |
                  |       2026       |
                 *|     *  *  *      | *
        _________)/\\_//(\/(/\)/\//\/|_)_______

Farvel Anarchos the Valkyrie...

You died in The Gnomish Mines on dungeon level 6 with 1273 points,
and 147 pieces of gold, after 2406 moves.
You were level 5 with a maximum of 57 hit points when you died.

